 Dungeon Sprint DCSS version 0.29.1-14-g9c671dbff4 (webtiles) character file.

Game seed: 436914898504570483

1970 Groucho the Covert (level 9, -11/49 HPs)
             Began as a Spriggan Fighter on Feb 13, 2023.
             Was a Believer of Dithmenos.
             Mangled by a catoblepas (13 damage)
             ... while petrified by a catoblepas
             ... in the Dungeon (Sprint IX: "|||||||||||||||||||||||||||||").
             The game lasted 00:02:52 (902 turns).

Groucho the Covert (Spriggan Fighter)                Turns: 902, Time: 00:02:53

Health: -11/49     AC:  4    Str: 19    XL:     9   Next: 0%
Magic:  15/15      EV:  4    Int:  9    God:    Dithmenos [**....]
Gold:   0          SH:  0    Dex: 15    Spells: 8/8 levels left

rFire   . . .      SeeInvis +   k - +2 rapier (venom)
rCold   . . .      Faith    .   c - +0 buckler
rNeg    + + +      Spirit   .   b - +0 robe
rPois   ∞          Reflect  .   (helmet restricted)
rElec   .          Harm     .   (no cloak)
rCorr   .          Rampage  .   (gloves unavailable)
Will    +....      NoTele   +   (boots unavailable)
Stlth   +++++++...              (no amulet)
HPRegen 0.16/turn               a - +3 ring of strength
MPRegen 0.14/turn               l - +2 ring of protection

@: petrified, wreathed by umbra, very quick
A: very small, no large weapons, unfitting armour, see invisible, speed 3
a: Renounce Religion, Shadow Step


You were in the Dungeon.
You worshipped Dithmenos.
Dithmenos was pleased with you.
You visited 1 branch

Inventory:

Hand Weapons
 k - a +2 rapier of venom (weapon)
Armour
 b - a +0 robe (worn)
 c - a +0 buckler (worn)
Jewellery
 a - a +3 ring of strength (left hand)
 l - a +2 ring of protection (right hand)
Wands
 i - a wand of acid (8)
Scrolls
 g - 2 scrolls of amnesia
 j - 2 scrolls of blinking
Potions
 d - a potion of invisibility
 e - 4 potions of curing
 f - 2 potions of heal wounds
 h - 4 potions of magic


   Skills:
 + Level 6.6 Fighting
 * Level 10.3 Short Blades
 * Level 12.4 Dodging
 * Level 13.8 Stealth
 + Level 6.0 Shields
 * Level 7.6 Invocations


You had 8 spell levels left.
You didn't know any spells.
Your spell library was empty.

Dungeon Overview and Level Annotations

Branches:
Dungeon (1/1)

Altars:
Cheibriados
Dithmenos
Elyvilon
Fedhas
Gozag
Hepliaklqana
Kikubaaqudgha
Makhleb
Nemelex Xobeh
Okawaru
Qazlal
Ru
Sif Muna
Trog
Uskayaw
Vehumet
Wu Jian
Xom
Yredelemnul
Zin
The Shining One
Jiyva
Lugonu


Innate Abilities, Weirdness & Mutations

You are very small and have problems with some larger weapons.
You are too small for most types of armour.
You have supernaturally acute eyesight. (SInv)
You cover ground extremely quickly. (Speed+++)


Message History

Unknown command.
Unknown command.
You hit the catoblepas.
The catoblepas is poisoned.
The catoblepas is lightly wounded.
The catoblepas closely misses you.
Unknown command.
You hit the catoblepas but do no damage.
The catoblepas is lightly wounded.
Unknown command.
You hit the catoblepas but do no damage.
The catoblepas is lightly wounded.
The catoblepas closely misses you.
Unknown command.
You hit the catoblepas but do no damage.
The catoblepas looks as sick as possible!
The catoblepas is lightly wounded.
The catoblepas gores you.
Unknown command.
You hit the catoblepas.
The catoblepas looks as sick as possible!
The catoblepas is lightly wounded.
The catoblepas breathes a plume of calcifying dust at you.
The blast of calcifying dust hits you!
Unknown command.
You puncture the catoblepas!
The catoblepas looks as sick as possible!
The catoblepas is moderately wounded.
You are engulfed in calcifying dust.
You are slowing down.
The catoblepas breathes a plume of calcifying dust at you.
The blast of calcifying dust hits you.
You hit the catoblepas.
The catoblepas is moderately wounded.
You are engulfed in calcifying dust.
Your limbs have turned to stone.
The catoblepas gores you.
You have turned to stone.
You are engulfed in calcifying dust.
The catoblepas gores you!
You are engulfed in calcifying dust.
The catoblepas gores you!!
* * * LOW HITPOINT WARNING * * *
You are engulfed in calcifying dust.
The catoblepas gores you!!
You die...

▓)▓
▓.▓
▓.▓
▓§▓
▓§▓
▓§▓
▓'▓
▓§▓
▓@▓
▓Y▓
▓T▓
▓C▓
▓.▓
▓+▓


You could see a catoblepas (extremely poisoned), a cyclops and a troll.

Vanquished Creatures
  A centaur warrior (D)
  A two-headed ogre (D)
  A troll (D)
  A shadow (D)
  A wyvern (D)
  A vampire mosquito (D)
  2 ogres (D)
  2 kobold brigands (D)
  An adder (D)
  2 dart slugs (D)
  An endoplasm (D)
  A goblin (D)
  A hobgoblin (D)
  A quokka (D)
  A rat (D)
18 creatures vanquished.

Vanquished Creatures (others)
  A vampire (D)
1 creature vanquished.

Grand Total: 19 creatures vanquished

Notes
Turn   | Place    | Note
-------+----------+-------------------------------------------
     0 | D        | Groucho the Spriggan Fighter began the quest for the Orb.
     0 | D        | Reached XP level 1. HP: 11/11 MP: 2/2
     7 | D        | Reached skill level 1 in Stealth
    15 | D        | Reached skill level 2 in Stealth
    35 | D        | Noticed an ogre
    35 | D        | Noticed an ogre
    41 | D        | Killed an ogre
    42 | D        | Reached skill level 5 in Stealth
    42 | D        | Reached XP level 2. HP: 17/17 MP: 3/3
    42 | D        | Reached XP level 3. HP: 21/21 MP: 4/4
    42 | D        | Reached XP level 4. HP: 25/25 MP: 5/5
    51 | D        | Reached skill level 6 in Stealth
    57 | D        | Killed an ogre
    58 | D        | Reached skill level 5 in Short Blades
    58 | D        | Reached skill level 7 in Stealth
    58 | D        | Reached XP level 5. HP: 25/30 MP: 6/6
    66 | D        | Found a snail-covered altar of Cheibriados.
    66 | D        | Found a shadowy altar of Dithmenos.
    66 | D        | Found a white marble altar of Elyvilon.
    66 | D        | Found a blossoming altar of Fedhas.
    66 | D        | Found an opulent altar of Gozag.
    67 | D        | Found a hazy altar of Hepliaklqana.
    68 | D        | Found a viscous altar of Jiyva.
    69 | D        | Found an ancient bone altar of Kikubaaqudgha.
    70 | D        | Found a corrupted altar of Lugonu.
    71 | D        | Found a burning altar of Makhleb.
    72 | D        | Found a sparkling altar of Nemelex Xobeh.
    73 | D        | Found an iron altar of Okawaru.
    79 | D        | Became a worshipper of Dithmenos the Shadowed
    83 | D        | Found a stormy altar of Qazlal.
    84 | D        | Found a sacrificial altar of Ru.
    85 | D        | Found a shimmering blue altar of Sif Muna.
    86 | D        | Found a bloodstained altar of Trog.
    87 | D        | Found a hide-covered altar of Uskayaw.
    88 | D        | Found a radiant altar of Vehumet.
    89 | D        | Found an ornate altar of the Wu Jian Council.
    90 | D        | Found a shimmering altar of Xom.
    91 | D        | Found a basalt altar of Yredelemnul.
    92 | D        | Found a glowing silver altar of Zin.
    93 | D        | Found a glowing golden altar of the Shining One.
   236 | D        | Noticed a two-headed ogre
   236 | D        | Noticed a wyvern
   236 | D        | Noticed a shadow
   236 | D        | Noticed a troll
   239 | D        | Reached skill level 5 in Fighting
   239 | D        | Reached skill level 8 in Stealth
   239 | D        | Reached skill level 1 in Invocations
   255 | D        | Reached skill level 9 in Stealth
   255 | D        | Reached XP level 6. HP: 33/35 MP: 7/9
   273 | D        | Killed a two-headed ogre
   273 | D        | Reached * piety under Dithmenos
   274 | D        | Reached skill level 10 in Dodging
   274 | D        | Reached skill level 11 in Stealth
   274 | D        | Reached skill level 5 in Shields
   274 | D        | Reached skill level 5 in Invocations
   274 | D        | Reached XP level 7. HP: 39/39 MP: 8/12
   281 | D        | Killed a wyvern
   282 | D        | Reached skill level 12 in Stealth
   282 | D        | Reached XP level 8. HP: 41/44 MP: 9/13
   323 | D        | Killed a troll
   323 | D        | Reached ** piety under Dithmenos
   858 | D        | Noticed a centaur warrior
   858 | D        | Noticed a catoblepas
   858 | D        | Noticed a troll
   858 | D        | Noticed a cyclops
   867 | D        | Reached skill level 13 in Stealth
   892 | D        | Killed a centaur warrior
   893 | D        | Reached skill level 10 in Short Blades
   893 | D        | Reached XP level 9. HP: 36/49 MP: 15/15
   901 | D        | HP: 2/49 [catoblepas (16)]
   902 | D        | Mangled by a catoblepas

Illustrated notes

Levels and vault maps discovered:
D:        linesprint [early_d, line_temple, items_1, d_10, items_2, lair_1,
          lair_end, items_3, orc_1, orc_end, items_4, d_15, swamp_1, shoals_1,
          snake_1, spider_1, d_20, vaults_1, items_5, swamp_end, shoals_end,
          snake_end, spider_end, vaults_end, d_27, items_6, zot_1, zot_end,
          crypt_end, forest_end, elf_end, slime_end, tomb_end, abyss_end,
          pan_hell_end]

Skill      XL: |  1  2  3  4  5  6  7  8 |
---------------+-------------------------+-----
Stealth        | 5 7 9 11 12 13 | 13.8
Fighting       | 3 4 5 6 |  6.6
Short Blades   | 4 5 6 8 9 10 | 10.3
Dodging        | 6 7 8 10 11 12 | 12.4
Shields        | 3 4 5 6 |  6.0
Invocations    | 2 5 6 7 |  7.6

Action                   |  1- 3 |  4- 6 |  7- 9 || total
-------------------------+-------+-------+-------++-------
Melee: Rapier            |    14 |    33 |    54 ||   101
Evoke: Wand              |       |       |     2 ||     2
  Use: Potion            |     2 |     3 |       ||     5
 Stab: Sleeping          |       |     1 |       ||     1
       Petrified         |       |       |     2 ||     2
Armor: Robe              |       |     1 |     2 ||     3
Dodge: Dodged            |     7 |    17 |    38 ||    62
Block: Buckler           |     3 |     7 |    13 ||    23
